 Dungeon Crawl Stone Soup version 0.30-a0-779-g7971cf19c3 (webtiles) character file.

Game seed: 7318669607781040262

1127 Pimp the Cutter (level 8, -2/58 HPs)
             Began as a Demonspawn Venom Mage on Feb 17, 2023.
             Slain by a gnoll
             ... wielding a +0 flail
              (5 damage)
             ... on level 5 of the Dungeon.
             The game lasted 00:12:23 (4620 turns).

Pimp the Cutter (Demonspawn Venom Mage)             Turns: 4620, Time: 00:12:24

Health: -2/58      AC: 14    Str:  9    XL:     8   Next: 13%
Magic:  11/11      EV:  1    Int: 18    God:
Gold:   280        SH:  4    Dex: 14    Spells: 10/11 levels left

rFire   + . .      SeeInvis .    x - +0 rapier of Death's Door {venom, Will+}
rCold   + . .      Faith    .    (no shield)
rNeg    . . .      Spirit   .    o - +2 plate armour {rC+}
rPois   .          Reflect  .    n - +0 helmet
rElec   .          Harm     .    (no cloak)
rCorr   .          Rampage  .    (no gloves)
Will    +....                    (no boots) Stlth
                                 (no amulet)
HPRegen 1.29/turn                q - ring of protection from fire
MPRegen 0.12/turn                (no ring)

@: mighty, brilliant
A: hooves 2, large bone plates 1, demonic guardian 1, powered by death 1
a: no special abilities


You were on level 5 of the Dungeon.
You visited 1 branch of the dungeon, and saw 5 of its levels.
You also visited: Ossuary.

You collected 280 gold pieces.

Inventory:

Hand Weapons
 c - a +0 long sword
 x - the +0 rapier of Death's Door (weapon) {venom, Will+}
   (You found it on level 4 of the Dungeon)

   Will:      It increases your willpower.
Missiles
 w - a curare-tipped dart (quivered)
Armour
 a - a +0 robe
 d - a +0 leather armour
 n - a +0 helmet (worn)
 o - a +2 plate armour of cold resistance (worn)
 s - an orb of wrath
Jewellery
 q - a ring of protection from fire (left hand)
 I - a ring of wizardry
Scrolls
 e - 2 scrolls of magic mapping {unknown}
 g - a scroll of vulnerability {unknown}
 i - a scroll of fear {unknown}
 k - a scroll of brand weapon {unknown}
 l - 3 scrolls of identify {unknown}
 p - a scroll of enchant weapon {unknown}
 t - 4 scrolls of teleportation {unknown}
 v - a scroll of enchant armour {unknown}
 y - a scroll of fog {unknown}
 B - 2 scrolls of noise {unknown}
 D - a scroll of amnesia {unknown}
 F - a scroll of blinking {unknown}
 G - a scroll of immolation {unknown}
Potions
 b - a potion of magic
 f - 2 potions of brilliance
 h - 2 potions of might
 j - a potion of degeneration {unknown}
 m - a potion of resistance {unknown}
 r - a potion of invisibility {unknown}
 u - 2 potions of curing
 z - 2 potions of mutation {unknown}
 A - 5 potions of heal wounds {unknown}
 C - 3 potions of haste
 E - a potion of ambrosia {unknown}
 H - a potion of lignification {unknown}


   Skills:
 + Level 3.5 Fighting
 + Level 4.3(4.9) Short Blades
 + Level 3.3(4.3) Long Blades
 + Level 3.7 Armour
 + Level 2.5 Dodging
 + Level 2.2 Stealth
 + Level 2.1 Shields
 + Level 2.0 Spellcasting
 + Level 1.0 Transmutations
 + Level 3.4 Poison Magic


You had 10 spell levels left.
You knew the following spells:

 Your Spells              Type           Power      Damage    Failure   Level
a - Sting                 Tmut/Pois      56%        1d5       100%        1

Your spell library contained the following spells:

 Spells                   Type           Power      Damage    Failure   Level
 Summon Small Mammal      Summ           8%         N/A       100%        1
 Poisonous Vapours        Pois/Air       24%        N/A       100%        2
 Call Canine Familiar     Summ           2%         N/A       100%        3
 Mephitic Cloud           Conj/Pois/Air  8%         N/A       100%        3
 Summon Guardian Golem    Hex/Summ       2%         N/A       100%        3
 Olgreb's Toxic Radiance  Pois           21%        N/A       100%        4


Dungeon Overview and Level Annotations

Branches:
Dungeon (5/15)            Ossuary (visited)
 Temple: D:4-7

Altars:
Ashenzari
Dithmenos
Kikubaaqudgha
Sif Muna

Annotations:
D:3 3 runed translucent doors, Dittersdorf's ghost, novice GrFi


Innate Abilities, Weirdness & Mutations

You have hoof-like feet.
You are partially covered in large bone plates. (SH +4)
A weak demonic guardian rushes to your aid.
You regenerate a little health from kills.


Message History

The gnoll attacks as you move away! The gnoll hits you but does no damage.
You feel very sick. The gnoll attacks as you move away!
The gnoll barely misses you.
You feel very sick.
You closely miss the gnoll. You kick the gnoll.
The gnoll is almost dead.
You feel sick.
You kill the gnoll!
The gnoll hits you but does no damage.
You hit the gnoll. Your kick misses the gnoll.
The gnoll is moderately wounded.
You feel sick. The gnoll completely misses you.
The gnoll hits you with a +0 flail.
You closely miss the gnoll.
The gnoll is heavily wounded.
You feel sick. The gnoll hits you with a +0 flail.
* * * LOW HITPOINT WARNING * * *
The gnoll hits you with a +0 flail.
* * * LOW HITPOINT WARNING * * *
A demonic guardian appears!
It was a potion of might.
You feel very mighty all of a sudden.
You feel sick.
The gnoll hits you but does no damage. x2
It was a potion of brilliance.
You feel clever all of a sudden.
You feel sick.
The gnoll hits you but does no damage. x2
Your iron imp closely misses the gnoll.
It was a potion of curing.
You feel better. The gnoll hits you with a +0 flail!
* * * LOW HITPOINT WARNING * * *
The gnoll hits you with a +0 flail!
* * * LOW HITPOINT WARNING * * *
Your iron imp hits the gnoll.
You feel better. The gnoll hits you with a +0 flail.
* * * LOW HITPOINT WARNING * * *
The gnoll hits you with a +0 flail.
* * * LOW HITPOINT WARNING * * *
Your iron imp hits the gnoll!
The gnoll dies!
The gnoll attacks as you move away! The gnoll hits you with a +0 flail.
You die...

#.......#.#..###..........##
..(...............###......##
##...##...........#_#.......#
#.......#.........#'#...#..##
.......##...............#.##
..####................#####
..# #.............####
..####...........###
..#.#.........5.@#
...............)g#
#..###...........#
#.........#..##.)#
##........##............
#......####.#..=....##.
#........ # #..........
.#..###..# ......#.#..
......#..# #.....#### #


You could see a gnoll (poisoned) and a friendly iron imp (summoned).

Vanquished Creatures
  Edmund (D:5)
  A necrophage (D:4)
  A scorpion (D:5)
  5 water moccasin zombies (Ossuary)
  2 vampire bats (D:3)
  2 hounds
  A gnoll bouda (D:4)
  3 iguanas (D:4)
  An orc wizard (D:4)
  2 mummies (Ossuary)
  5 gnolls
  9 adders
  7 adder zombies (Ossuary)
  2 dart slugs
  8 orcs (D:4)
  9 ball pythons
  3 bats
  2 bat skeletons (D:3)
  4 bat zombies (D:3)
  6 endoplasms
  A giant cockroach (D:3)
  4 goblins
  3 hobgoblins
  3 jackals (D:5)
  5 quokkas
  A frilled lizard (D:1)
  3 gnoll zombies (Ossuary)
  A goblin zombie (D:5)
  4 hobgoblin zombies (Ossuary)
  9 kobolds
  5 kobold zombies (Ossuary)
  8 orc zombies (Ossuary)
  5 rats
  A rat zombie (D:5)
127 creatures vanquished.

Vanquished Creatures (collateral kills)
  A water moccasin zombie (Ossuary)
  A gnoll (D:5)
  A worm (D:4)
  A hobgoblin zombie (Ossuary)
4 creatures vanquished.

Grand Total: 131 creatures vanquished

Notes
Turn   | Place    | Note
-------+----------+-------------------------------------------
     0 | D:1      | Pimp the Demonspawn Venom Mage began the quest for the Orb.
     0 | D:1      | Reached XP level 1. HP: 13/13 MP: 3/3
   355 | D:1      | Gained mutation: You regenerate a little health from kills.
                  | [demonic ancestry]
   355 | D:1      | Reached XP level 2. HP: 19/19 MP: 5/5
  1004 | D:2      | Reached XP level 3. HP: 24/24 MP: 2/6
  1207 | D:2      | Reached skill level 1 in Long Blades
  1569 | D:3      | Reached skill level 1 in Transmutations
  1713 | D:3      | Found a faded altar of an unknown god.
  1919 | D:3      | Gained mutation: You are partially covered in large bone
                  | plates. (SH +4) [demonic ancestry]
  1919 | D:3      | Reached XP level 4. HP: 31/31 MP: 7/7
  1991 | D:3      | Found a runed translucent gate.
  1991 | D:3      | Found a runed translucent gate.
  1993 | D:3      | Found a runed translucent gate.
  1996 | D:3      | Noticed Dittersdorf's ghost (novice GrFi)
  2125 | D:3      | Reached skill level 1 in Armour
  2234 | D:3      | Found an ancient bone altar of Kikubaaqudgha.
  2268 | D:3      | Reached skill level 1 in Fighting
  2275 | D:3      | Reached XP level 5. HP: 37/37 MP: 8/8
  2385 | D:4      | Identified the +0 rapier of Death's Door {venom, Will+}
  2422 | D:4      | Reached skill level 1 in Shields
  2629 | D:4      | Gained mutation: A weak demonic guardian rushes to your
                  | aid. [demonic ancestry]
  2629 | D:4      | Reached XP level 6. HP: 29/44 MP: 9/9
  2702 | D:4      | Found a shimmering blue altar of Sif Muna.
  2719 | D:4      | Found a shadowy altar of Dithmenos.
  2728 | D:4      | Found a broken altar of Ashenzari.
  3031 | D:4      | Reached skill level 1 in Short Blades
  3498 | D:5      | Entered Level 5 of the Dungeon
  3498 | D:5      | Noticed Edmund
  3522 | D:5      | Killed Edmund
  3523 | D:5      | Gained mutation: You have large cloven feet. [demonic
                  | ancestry]
  3523 | D:5      | Reached XP level 7. HP: 17/51 MP: 10/10
  3734 | D:5      | Found a sand-covered staircase.
  3741 | Ossuary  | Entered an ossuary
  3790 | Ossuary  | Reached skill level 2 in Short Blades
  4084 | Ossuary  | Reached skill level 3 in Short Blades
  4408 | D:5      | Reached skill level 4 in Short Blades
  4408 | D:5      | Gained mutation: You have hoof-like feet. [demonic
                  | ancestry]
  4408 | D:5      | Reached XP level 8. HP: 43/58 MP: 11/11
  4618 | D:5      | HP: 2/58 [gnoll/+0 flail (7)]
  4620 | D:5      | Slain by a gnoll

Illustrated notes

Levels and vault maps discovered:
D:1:      dpeg_chamrin_arrival_tetris, layout_basic, nrook_loot_triangle
D:2:      layout_basic, basic_altar
D:3:      layout_loops_ring, kennysheep_vampire_church,
          chequers_ecumenical_altar_simple_redux, gammafunk_ghost_necromancy
D:4:      layout_basic, mainiacjoe_overflow_swirl,
          nicolae_sif_muna_condensation,
          hangedman_abyss_or_decor_jellyfish_corner, minmay_misc_feat_x,
          minmay_starry_boxes
D:5:      layout_cave_pools, kennysheep_mini_moat, enter_ossuary_4,
          cheibrodos_sewer_entry_bend, guppyfry_early_lair_pool, uniq_edmund

Skill      XL: |  1  2  3  4  5  6  7 |
---------------+----------------------+-----
Stealth        | 2 |  2.2
Dodging        | 2 |  2.5
Long Blades    | 1 2 3 |  3.3
Transmutations | 1 |  1.0
Armour         | 1 2 3 |  3.7
Fighting       | 1 2 3 |  3.5
Shields        | 1 2 |  2.1
Short Blades   | 1 4 |  4.3
Spellcasting   | |  2.0
Poison Magic   | |  3.4

Action                     |  1- 3 |  4- 6 |  7- 9 || total
---------------------------+-------+-------+-------++-------
  Melee: Long sword        |   105 |    69 |       ||   174
         Rapier            |       |   112 |   250 ||   362
         Punch             |       |     2 |     2 ||     4
         Kick              |       |       |    90 ||    90
  Throw: Dart              |       |     2 |       ||     2
   Cast: Sting             |     3 |       |       ||     3
    Use: Potion            |       |       |     4 ||     4
   Stab: Sleeping          |     6 |       |       ||     6
 Armour: Leather armour    |    16 |       |       ||    16
         Plate armour      |    71 |   234 |   179 ||   484
  Dodge: Dodged            |    48 |    13 |    13 ||    74
  Block: Other             |       |    53 |    32 ||    85

Table legend: (Time is in decaauts)
 A = Elapsed time spent in this place.
 B = Non-inter-level travel time spent in this place.
 C = Inter-level travel time spent in this place.
 D = Time resting spent in this place.
 E = Time spent auto-exploring this place.
 F = Levels seen in this place.
 G = Mean time per level.
                   A        B        C        D        E       F      G
               +--------+--------+--------+--------+--------+-----+--------+
         Total |   4689 |   4461 |    228 |    568 |   2617 |   6 |  781.5 |
       Dungeon |   4052 |   3824 |    228 |    261 |   2543 |   5 |  810.4 |
       Ossuary |    637 |    637 |      0 |    307 |     74 |   1 |  637.0 |
               +--------+--------+--------+--------+--------+-----+--------+

Top non-repeatable levels by time:
     D:4: 1139 daAuts
     D:1: 958 daAuts
     D:3: 850 daAuts
 Ossuary: 637 daAuts
     D:2: 616 daAuts
     D:5: 487 daAuts
